 Dungeon Crawl Stone Soup version 0.25-a0-435-g4b9beb1024 (webtiles) character file.

Game seed: 8426788457443867672, levelgen mode: deterministic

2012 Elellon the Thaumaturge (level 9, -2/45 HPs)
             Began as a Deep Elf Conjurer on Jan 27, 2020.
             Was an Initiate of Vehumet.
             Hit by a boomerang thrown by an orc warrior (11 damage)
             ... on level 5 of the Dungeon.
             The game lasted 00:10:51 (7064 turns).

Elellon the Thaumaturge (Deep Elf Conjurer)         Turns: 7064, Time: 00:10:52

Health: -2/45      AC:  3    Str:  7    XL:     9   Next: 2%
Magic:  14/26      EV: 13    Int: 22    God:    Vehumet [......]
Gold:   236        SH:  0    Dex: 15    Spells: 23/30 levels left

rFire    . . .     SeeInvis .   j - +1 dagger (protect)
rCold    + . .     Gourm    .   (no shield)
rNeg     . . .     Faith    .   a - +0 robe
rPois    .         Spirit   .   l - +0 helmet
rElec    .         Reflect  .   (no cloak)
rCorr    .         Harm     .   r - +0 pair of gloves
MR       .....                  (no boots)
Stlth    ++........             (no amulet)
HPRegen  0.15/turn              h - ring of protection from cold
MPRegen  0.20/turn              i - +3 ring of protection

@: corroded
A: no striking features
a: Renounce Religion


You were on level 5 of the Dungeon.
You worshipped Vehumet.
Vehumet was noncommittal.
You were hungry.

You visited 2 branches of the dungeon, and saw 7 of its levels.

You collected 236 gold pieces.

Inventory:

Hand Weapons
 j - a +1 dagger of protection (weapon)
Armour
 a - a +0 robe (worn)
 l - a +0 helmet (worn)
 r - a +0 pair of gloves (worn)
Jewellery
 h - a ring of protection from cold (left hand)
 i - a +3 ring of protection (right hand)
 n - a +2 ring of slaying
 u - a +3 ring of strength
Wands
 t - a wand of iceblast (9)
Scrolls
 d - a scroll of teleportation
 f - 3 scrolls of amnesia {unknown}
 g - a scroll of blinking {unknown}
 o - a scroll of enchant armour {unknown}
Potions
 b - a potion of agility {unknown}
 e - 2 potions of curing {unknown}
 k - a potion of mutation {unknown}
 m - a potion of lignification {unknown}
 p - a potion of degeneration {unknown}
 q - a potion of haste {unknown}
 s - a potion of heal wounds {unknown}
 v - a potion of invisibility {unknown}
 w - a potion of cancellation {unknown}
Comestibles
 c - 8 rations


   Skills:
 - Level 2.4 Dodging
 - Level 2.4 Stealth
 + Level 11.1 Spellcasting
 + Level 10.1 Conjurations


You had 23 spell levels left.
You knew the following spells:

 Your Spells              Type           Power        Failure   Level  Hunger
a - Magic Dart            Conj           ####         1%          1    None
b - Searing Ray           Conj           ######       1%          2    None
c - Iskenderun's Mystic   Conj/Tloc      ####....     7%          4    #......

Your spell library contained the following spells:

 Spells                   Type           Power        Failure   Level  Hunger
 Dazzling Flash           Conj/Hex       ####..       1%          3    None
 Fulminant Prism          Conj/Hex       ####......   7%          4    #......


Dungeon Overview and Level Annotations

Branches:
Dungeon (6/15)             Temple (1/1) D:5

Altars:
Ashenzari
Cheibriados
Dithmenos
Elyvilon
Gozag
Hepliaklqana
Kikubaaqudgha
Makhleb
Nemelex Xobeh
Okawaru
Qazlal
Ru
Sif Muna
Uskayaw
Vehumet
Xom
Yredelemnul
Zin
The Shining One

Annotations:
D:3 1 runed translucent door, navillus's ghost, amateur GrFi


Message History

The rust devil is moderately wounded.
The rust devil is knocked back by the mystic blast.
The rust devil slams into the metal wall!
The orc warrior throws a boomerang.
The boomerang closely misses you.
The weapon returns to the orc warrior!
Casting: Iskenderun's Mystic Blast (safe; 7% risk of failure)
Confirm with . or Enter, or press ? or * to list all spells.
You erupt in a blast of force!
The mystic blast hits the rust devil.
The rust devil is moderately wounded.
The rust devil is knocked back by the mystic blast.
The mystic blast hits the rust devil.
The rust devil is moderately wounded.
The rust devil is knocked back by the mystic blast.
The rust devil slams into the metal wall!
The orc warrior throws a boomerang.
The boomerang hits you!
* * * LOW HITPOINT WARNING * * *
The weapon returns to the orc warrior!
You can't go up here!
The orc warrior throws a boomerang.
The boomerang hits you!
You die...

.....#..##....).p######..........
.....#..##.......p....#.)........
.....#..##........###.#..........
.....#..##........#.#.#.######'##
........#####'#'#...#.#.# ###.##
..............#.........# #.....
......>#.#####......##### #.#.##
.....###.###...###...## #.#...
....## #.##..###@###..######.####
....# #.##.##♣.[.♣##.##.....#
....# #....#)..4.4)#....#####
..### #...###.....###.p.# #.#
#.#.# +o.8..+ #.#.# #.#
#.#.###.....###.#.# ##### #.#
#.#..#).....)#..#.# #.... #.#
#.##.##♣...♣##..#.# #.### #.#
#.##..### ###.....# #.#


You could see 2 rust devils and an orc warrior.

Vanquished Creatures
  Pikel (D:5)
  Grinder (D:6)
  Sigmund (D:2)
  An orc warrior (D:5)
  A sky beast (D:5)
  An ogre (D:4)
  A phantom (D:6)
  A scorpion (D:4)
  A howler monkey (D:4)
  A bullfrog zombie (D:6)
  2 orc priests (D:4)
  2 iguanas
  A jelly (D:6)
  6 orc wizards
  A gnoll shaman (D:4)
  Natasha (thrice) (D:4)
  4 worker ants
  Robin (D:3)
  4 gnolls (D:4)
  7 adders
  An adder skeleton (D:4)
  6 worms
  4 dart slugs
  3 leopard geckos (D:1)
  17 orcs
  3 ball pythons
  3 giant cockroaches
  17 goblins
  9 hobgoblins
  2 jackals (D:2)
  2 quokkas
  13 bats
  3 frilled lizards
  5 kobolds
  11 rats
140 creatures vanquished.

Vanquished Creatures (others)
  A crimson imp (D:5)
  A worker ant zombie (D:5)
  A butterfly (D:5)
3 creatures vanquished.

Grand Total: 143 creatures vanquished

Notes
Turn   | Place    | Note
-------+----------+-------------------------------------------
     0 | D:1      | Elellon the Deep Elf Conjurer began the quest for the Orb.
     0 | D:1      | Reached XP level 1. HP: 10/10 MP: 6/6
   306 | D:1      | Reached XP level 2. HP: 15/15 MP: 2/8
   762 | D:1      | Reached skill level 4 in Spellcasting
   908 | D:1      | Reached skill level 5 in Conjurations
   908 | D:1      | Reached XP level 3. HP: 19/19 MP: 6/10
  1180 | D:2      | Found a sacrificial altar of Ru.
  1218 | D:2      | Noticed Sigmund
  1231 | D:2      | Learned a level 2 spell: Searing Ray
  1281 | D:2      | Killed Sigmund
  1281 | D:2      | Reached skill level 5 in Spellcasting
  1281 | D:2      | Reached XP level 4. HP: 18/24 MP: 1/13
  1281 | D:2      | Reached XP level 5. HP: 21/28 MP: 1/15
  1757 | D:2      | Reached skill level 6 in Spellcasting
  1828 | D:2      | Found a shimmering altar of Xom.
  1829 | D:2      | Found a shimmering altar of Xom.
  1873 | D:2      | Found a shimmering altar of Xom.
  2027 | D:2      | Found a hide-covered altar of Uskayaw.
  2027 | D:2      | Noticed a +0 hand axe
  2027 | D:2      | Noticed a +0 dagger
  2041 | D:2      | Found a white marble altar of Elyvilon.
  2154 | D:2      | Found a hazy altar of Hepliaklqana.
  2351 | D:3      | Noticed Robin
  2357 | D:3      | Killed Robin
  2457 | D:3      | Reached XP level 6. HP: 32/32 MP: 6/17
  2769 | D:3      | Found a runed translucent door.
  2770 | D:3      | Noticed navillus's ghost (amateur GrFi)
  3314 | D:3      | Found a shadowy altar of Dithmenos.
  3331 | D:4      | Noticed Natasha
  3334 | D:4      | Killed Natasha
  3600 | D:3      | Reached skill level 7 in Spellcasting
  3828 | D:4      | Found a snail-covered altar of Cheibriados.
  3829 | D:4      | Noticed Natasha
  4061 | D:4      | Killed Natasha
  4061 | D:4      | Reached XP level 7. HP: 36/36 MP: 15/20
  4135 | D:4      | Noticed Natasha
  4139 | D:4      | Killed Natasha
  4366 | D:4      | Reached skill level 8 in Spellcasting
  4763 | D:4      | Found a stormy altar of Qazlal.
  5319 | D:5      | Entered Level 5 of the Dungeon
  5544 | D:5      | Reached skill level 9 in Spellcasting
  5544 | D:5      | Reached XP level 8. HP: 41/41 MP: 15/23
  5634 | D:5      | Noticed Pikel
  5639 | D:5      | Killed Pikel
  5639 | D:5      | Reached skill level 10 in Spellcasting
  5916 | D:5      | Found a staircase to the Ecumenical Temple.
  5923 | Temple   | Entered the Ecumenical Temple
  5987 | Temple   | Became a worshipper of Vehumet
  6010 | D:5      | Learned a level 4 spell: Iskenderun's Mystic Blast
  6384 | D:5      | Found a shimmering blue altar of Sif Muna.
  6499 | D:6      | Noticed Grinder
  6504 | D:6      | Killed Grinder
  6541 | D:6      | Found an ancient bone altar of Kikubaaqudgha.
  6830 | D:6      | Reached skill level 11 in Spellcasting
  6830 | D:6      | Reached skill level 10 in Conjurations
  6878 | D:5      | Noticed a rust devil
  6878 | D:5      | Noticed a rust devil
  6882 | D:5      | Reached XP level 9. HP: 18/45 MP: 21/26
  7064 | D:5      | Hit by a boomerang thrown by an orc warrior

Levels and vault maps discovered:
D:1:      saegor_arrival_simple_c, layout_loops_ring, minmay_misc_feat_tower
D:2:      layout_rooms, dancing_weapons_uskayaw, xom_redecorated,
          nicolae_overflow_hidden_temple, nicolae_overflow_crystal_walls,
          lemuel_round_altar, first_ration, uniq_sigmund
D:3:      layout_loops_ring, grunt_dithmenos_smoke,
          ebering_ghost_reflecting_pool, serial_bayou_crossing, uniq_robin
D:4:      layout_gridville, overflow_temple_1_default,
          nicolae_qazlal_general_emergency, uniq_natasha
D:5:      cheibrodos_iron_armory, layout_basic, marbit_many_paths,
          minmay_temple_entry_butterflies, grunt_ministairs_15, uniq_pikel
D:6:      layout_basic, kennysheep_mini_moat, uniq_grinder, uniq_prince_ribbit1
Temple:   dpeg_three_leaves_temple

Skill      XL: |  1  2  3  4  5  6  7  8 |
---------------+-------------------------+-----
Spellcasting   | 4 5 6 7 9 11 | 11.1
Conjurations   | 5 6 7 8 10 | 10.1
Dodging        | |  2.4
Stealth        | |  2.4

Action                   |  1- 3 |  4- 6 |  7- 9 || total
-------------------------+-------+-------+-------++-------
Melee: Dagger            |       |     1 |       ||     1
 Cast: Magic Dart        |    63 |   117 |    70 ||   250
       Searing Ray       |     2 |    18 |    31 ||    51
       Iskenderun's Myst |       |       |     3 ||     3
  Use: Scroll            |       |     3 |     2 ||     5
  Eat: Chunk             |     1 |     7 |     6 ||    14
       Ration            |       |       |     1 ||     1
Armor: Robe              |     3 |     6 |     7 ||    16
Dodge: Dodged            |    16 |    16 |    15 ||    47

Table legend:
 A = Non-vault XP
 B = Vault XP
 C = Vault XP percentage of total XP
 D = Non-vault monster count
 E = Vault monster count
 F = Vault count percentage of total count
                 A         B        C        D         E       F
            +---------+---------+-------+---------+---------+-------
      Total |    1561 |    1314 |  45.7 |     122 |      18 |  12.9
            +---------+---------+-------+---------+---------+-------
        D:1 |      45 |       0 |   0.0 |      25 |       0 |   0.0
        D:2 |      94 |     208 |  68.9 |      29 |       1 |   3.3
        D:3 |     121 |      37 |  23.4 |      18 |      13 |  41.9
        D:4 |     776 |      36 |   4.4 |      36 |       1 |   2.7
        D:5 |     279 |     766 |  73.3 |       9 |       2 |  18.2
        D:6 |     246 |     267 |  52.0 |       5 |       1 |  16.7
            +---------+---------+-------+---------+---------+-------
